 Dungeon Crawl Stone Soup version 0.25-a0-1133-g93ebf73 (webtiles) character file.

Game seed: 11790678417842832392, levelgen mode: deterministic

46 Ayyar the Insei (level 3, 0/28 HPs)
             Began as a Gnoll Transmuter on Apr 24, 2020.
             Succumbed to an adder's poison
             ... on level 2 of the Dungeon on May 21, 2020.
             The game lasted 00:10:39 (1105 turns).

Ayyar the Insei (Gnoll Transmuter)                  Turns: 1105, Time: 00:10:39

Health: 0/28       AC:  3    Str: 12    XL:     3   Next: 66%
Magic:  9/9        EV: 14    Int: 16    God:
Gold:   46         SH:  0    Dex: 15    Spells: 11/12 levels left

rFire    . . .     SeeInvis .   e - +0 club
rCold    . . .     Gourm    .   (no shield)
rNeg     . . .     Faith    .   b - +0 robe
rPois    .         Spirit   .   (no helmet)
rElec    .         Reflect  .   h - +0 cloak
rCorr    .         Harm     .   (no gloves)
MR       .....                  (no boots)
Stlth    ++........             (no amulet)
HPRegen  0.09/turn              (no ring)
MPRegen  0.11/turn              (no ring)

@: lethally poisoned (0 -> -1)
A: distributed training, fangs 1, strong nose
a: no special abilities


You were on level 2 of the Dungeon.
You were hungry.

You visited 1 branch of the dungeon, and saw 2 of its levels.

You collected 46 gold pieces.

Inventory:

Hand Weapons
 e - a +0 club (weapon)
 l - a +0 hunting sling of freezing
Missiles
 a - 12 arrows
 o - 10 stones (quivered)
Armour
 b - a +0 robe (worn)
 h - a +0 cloak (worn)
 k - a scarf of spirit shield
Jewellery
 m - a +3 ring of protection {unknown}
Scrolls
 g - a scroll of identify {unknown}
 i - a scroll of fog {unknown}
 j - 4 scrolls of remove curse {unknown}
 p - a scroll of enchant weapon {unknown}
Potions
 c - 2 potions of stabbing
Comestibles
 d - 2 rations


   Skills:
 + Level 2.6 Fighting
 + Level 0.9 Short Blades
 + Level 0.9 Long Blades
 + Level 0.9 Axes
 + Level 0.9 Maces & Flails
 + Level 0.9 Polearms
 + Level 0.9 Staves
 + Level 0.9 Slings
 + Level 0.9 Bows
 + Level 0.9 Crossbows
 + Level 0.9 Throwing
 + Level 0.9 Armour
 + Level 4.5 Dodging
 + Level 0.9 Stealth
 + Level 0.9 Shields
 + Level 6.5 Unarmed Combat
 + Level 5.0 Spellcasting
 + Level 0.6 Conjurations
 + Level 0.6 Hexes
 + Level 0.6 Charms
 + Level 0.6 Summonings
 + Level 0.6 Necromancy
 + Level 0.6 Translocations
 + Level 3.8 Transmutations
 + Level 0.6 Fire Magic
 + Level 0.6 Ice Magic
 + Level 0.6 Air Magic
 + Level 0.6 Earth Magic
 + Level 0.6 Poison Magic
 + Level 1.0 Invocations
 + Level 0.9 Evocations


You had 11 spell levels left.
You knew the following spells:

 Your Spells              Type           Power        Failure   Level  Hunger
a - Beastly Appendage     Tmut           ###...       3%          1    None

Your spell library contained the following spells:

 Spells                   Type           Power        Failure   Level  Hunger
 Sticks to Snakes         Tmut           ###.....     4%          2    #......
 Spider Form              Tmut/Pois      ##........   19%         3    ###....
 Ice Form                 Ice/Tmut       ##......     52%         4    ####...
 Blade Hands              Tmut           ###.......   65%         5    ######.


Dungeon Overview and Level Annotations

Branches:
Dungeon (2/15)

Altars:


Innate Abilities, Weirdness & Mutations

Your experience applies equally to all skills.
You have very sharp teeth.
Your uncanny sense of smell can sniff out nearby items.


Message History

You kill the ooze!
You hit the rat.
You kill the rat!
* * * LOW HITPOINT WARNING * * *
You feel sick.
It was a potion of resistance.
You feel protected.
Your talons disappear.
It was a potion of cancellation.
Your magical effects are unravelling.
You feel magically purged.
Your resistance to elements expires.
You feel less ready to backstab.
* * * LOW HITPOINT WARNING * * *
You feel sick.
A dart slug comes into view.
* * * LOW HITPOINT WARNING * * *
You feel sick.
There is a lethal amount of poison in your body!
* * * LOW HITPOINT WARNING * * *
You feel sick.
You die...

∆ .. .# #....# #
##.# .#
####....#######
#.##...
.####..............
.....#.
..............#####
#...#..............#
...##.#.#
#.####...####
........# #.# #...#
...##.#.###.####...#
#.##..@........# #
#....######.# ######
#.# #.. ####


There were no monsters in sight!

Vanquished Creatures
  An adder (D:2)
  2 oozes
  3 dart slugs (D:1)
  A leopard gecko (D:1)
  4 goblins
  2 kobolds (D:1)
  3 ball pythons (D:1)
  3 bats (D:1)
  5 rats
24 creatures vanquished.

Notes
Turn   | Place    | Note
-------+----------+-------------------------------------------
     0 | D:1      | Ayyar the Gnoll Transmuter began the quest for the Orb.
     0 | D:1      | Reached XP level 1. HP: 17/17 MP: 6/6
   225 | D:1      | Reached XP level 2. HP: 23/23 MP: 7/7
   227 | D:1      | Upgraded the game from 0.25-a0-842-g81a31cf to
                  | 0.25-a0-860-gf695395
   227 | D:1      | Upgraded the game from 0.25-a0-860-gf695395 to
                  | 0.25-a0-861-g340c9e8
   227 | D:1      | Upgraded the game from 0.25-a0-861-g340c9e8 to
                  | 0.25-a0-1133-g93ebf73
   502 | D:1      | Reached XP level 3. HP: 24/28 MP: 7/9
   586 | D:1      | Reached skill level 5 in Spellcasting
  1081 | D:2      | Reached skill level 1 in Invocations
  1101 | D:2      | HP: 1/28 [poisoned by an adder]
  1105 | D:2      | Succumbed to an adder's poison

Illustrated notes

Levels and vault maps discovered:
D:1:      ncdulo_smallfort, layout_rooms
D:2:      layout_loops_ring, uniq_terence, uniq_robin

Skill      XL: |  1  2  3 |
---------------+----------+-----
Spellcasting   | 5 |  5.0
Invocations    | 1 |  1.0
Fighting       | |  2.6
Short Blades   | |  0.9
Long Blades    | |  0.9
Axes           | |  0.9
Maces & Flails | |  0.9
Polearms       | |  0.9
Staves         | |  0.9
Slings         | |  0.9
Bows           | |  0.9
Crossbows      | |  0.9
Throwing       | |  0.9
Armour         | |  0.9
Dodging        | |  4.5
Stealth        | |  0.9
Shields        | |  0.9
Unarmed Combat | |  6.5
Conjurations   | |  0.6
Hexes          | |  0.6
Charms         | |  0.6
Summonings     | |  0.6
Necromancy     | |  0.6
Translocations | |  0.6
Transmutations | |  3.8
Fire Magic     | |  0.6
Ice Magic      | |  0.6
Air Magic      | |  0.6
Earth Magic    | |  0.6
Poison Magic   | |  0.6
Evocations     | |  0.9

Action                   || total
-------------------------++-------
Melee: Unarmed           ||    10
       Kick              ||    11
       Club              ||    71
       Bite              ||     5
       Headbutt          ||     3
       Punch             ||     1
 Cast: Beastly Appendage ||    14
  Use: Potion            ||     3
 Stab: Sleeping          ||     2
Armor: Robe              ||    19
Dodge: Dodged            ||    78

Table legend:
 A = Non-vault XP
 B = Vault XP
 C = Vault XP percentage of total XP
 D = Non-vault monster count
 E = Vault monster count
 F = Vault count percentage of total count
                 A         B        C        D         E       F
            +---------+---------+-------+---------+---------+-------
      Total |      66 |       0 |   0.0 |      24 |       0 |   0.0
            +---------+---------+-------+---------+---------+-------
        D:1 |      42 |       0 |   0.0 |      19 |       0 |   0.0
        D:2 |      24 |       0 |   0.0 |       5 |       0 |   0.0
            +---------+---------+-------+---------+---------+-------
